 Dungeon Crawl Stone Soup version 0.23-a0-643-g9ccc95a (webtiles) character file.

191 Borgoz the Skirmisher (level 5, -2/46 HPs)
             Began as a Ghoul Abyssal Knight on Jan 1, 2019.
             Was a Believer of Lugonu.
             Slain by a hippogriff (8 damage)
             ... on level 3 of the Dungeon.
             The game lasted 00:03:27 (2316 turns).

Borgoz the Skirmisher (Ghoul Abyssal Knight)        Turns: 2316, Time: 00:03:29

Health: -2/46      AC:  3    Str: 15 (16) XL:     5   Next: 70%
Magic:  6/6        EV: 11    Int: 11 (12) God:    Lugonu [**....]
Gold:   32         SH:  0    Dex:  6 (9)  Spells: 4/4 levels left

rFire    . . .     SeeInvis .     - Unarmed
rCold    + . .     Gourm    .   (no shield)
rNeg     + + +     Faith    .   a - +0 leather armour
rPois    ∞         Spirit   .   (no helmet)
rElec    .         Reflect  .   (no cloak)
rCorr    .         Harm     .   (no gloves)
MR       .....                  (no boots)
Stlth    +.........             (no amulet)
HPRegen  0.00/turn              (no ring)
MPRegen  0.10/turn              (no ring)

@: brilliant, rotting
A: rotting body, claws 1, carnivore, cold resistance 1, negative energy
resistance 3, inhibited regeneration, torment resistance, unbreathing
a: Depart the Abyss, Bend Space, Renounce Religion


You were on level 3 of the Dungeon.
You worshipped Lugonu.
Lugonu was pleased with you.
You were not hungry.

You visited 1 branch of the dungeon, and saw 3 of its levels.
You visited the Abyss 1 time.

You collected 32 gold pieces.

Inventory:

Armour
 a - a +0 leather armour (worn)
Scrolls
 c - 3 scrolls of remove curse {unknown}
 e - 5 scrolls of teleportation {unknown}
 l - 2 scrolls of random uselessness {unknown}
 m - a scroll of identify {unknown}
 o - 2 scrolls of magic mapping {unknown}
 p - a scroll of blinking {unknown}
Potions
 h - a potion of mutation {unknown}
 i - a potion of curing
 j - a potion of brilliance
 k - a potion of agility {unknown}
Comestibles
 b - 4 rations
 n - 4 chunks of flesh


   Skills:
 + Level 4.2 Fighting
 + Level 2.8 Armour
 + Level 2.1 Dodging
 + Level 3.3 Unarmed Combat
 + Level 3.2 Invocations


You had 4 spell levels left.
You didn't know any spells.
Your spell library was empty.

Dungeon Overview and Level Annotations

Branches:
Dungeon (3/15)

Altars:
Okawaru


Innate Abilities, Weirdness & Mutations

Your body is rotting away.
You thrive on raw meat.
You are immune to poison.
You have sharp fingernails.
You are carnivorous and can eat meat at any time.
Your flesh is cold resistant. (rC+)
You are immune to negative energy. (rN+++)
You do not regenerate when monsters are visible.
You are immune to unholy pain and torment.
You can survive without breathing.


Message History

It was a potion of magic.
Magic courses through your body. The hippogriff bites you!
The hippogriff pecks you.
The hippogriff claws you but does no damage.
It was a potion of degeneration.
There was something very wrong with that liquid.
You feel weakened.
You feel dopey.
You feel clumsy. The hippogriff bites you! The hippogriff pecks you.
* * * LOW HITPOINT WARNING * * *
The hippogriff barely misses you.
It was a potion of curing.
You feel better. The hippogriff barely misses you. The hippogriff pecks you!
* * * LOW HITPOINT WARNING * * *
The hippogriff barely misses you.
It was a potion of brilliance.
You feel clever all of a sudden. The hippogriff bites you!
* * * LOW HITPOINT WARNING * * *
The hippogriff pecks you but does no damage.
The hippogriff claws you!
You die...

#. #.# #.# #.#
#.# # ##.## ..
#...##.####
####..@H......
#......##.###.
##.##.###
#.....##
#...#...##
##...###...##
#...........#
##..#.).).#..##
#..##.._..##..#
#.#


You could see a hippogriff.

Vanquished Creatures
  A centaur (D:3)
  6 adders
  2 dart slugs
  2 leopard geckos (D:1)
  An orc (D:3)
  5 bats
  3 giant cockroaches
  8 goblins
  5 hobgoblins
  3 jackals (D:2)
  5 frilled lizards
  5 kobolds
  7 rats
  2 bushes (D:2)
55 creatures vanquished.

Notes
Turn   | Place    | Note
-------+----------+-------------------------------------------
     0 | Abyss:1  | Borgoz the Ghoul Abyssal Knight began the quest for the
                  | Orb.
     0 | Abyss:1  | Reached XP level 1. HP: 19/19 MP: 1/1
    35 | Abyss:2  | Noticed a vampire
    35 | Abyss:2  | Noticed a hellwing
    36 | D:1      | Escaped the Abyss
   103 | D:1      | Reached * piety under Lugonu
   153 | D:1      | Reached skill level 1 in Dodging
   251 | D:1      | Reached XP level 2. HP: 9/24 MP: 2/2
   620 | D:1      | Reached XP level 3. HP: 22/31 MP: 3/3
  1244 | D:2      | Reached XP level 4. HP: 12/40 MP: 3/5
  1393 | D:2      | Reached ** piety under Lugonu
  2051 | D:3      | Noticed a centaur
  2068 | D:3      | HP: 1/39 [centaur/cursed +0 shortbow (5)]
  2069 | D:3      | Killed a centaur
  2069 | D:3      | Reached skill level 4 in Fighting
  2069 | D:3      | Reached XP level 5. HP: 1/45 MP: 6/6
  2176 | D:3      | Found an iron altar of Okawaru.
  2303 | D:3      | Noticed a hippogriff
  2316 | D:3      | Slain by a hippogriff

Vault maps used:
D:1:      lightli_arrival_farm
D:2:      serial_forest, infiniplex_forest_lined_corner,
          infiniplex_forest_end_2, infiniplex_forest_pool,
          infiniplex_forest_clump_cross, infiniplex_forest_lined_2,
          infiniplex_forest_corner_1, infiniplex_forest_clump_tiny,
          infiniplex_forest_end_1
D:3:      okawaru_ov_weapons_minmay, first_ration, kennysheep_path_1
Abyss:2:  hangedman_cross_veins

Skill      XL: |  1  2  3  4 |
---------------+-------------+-----
Dodging        | 1 2 |  2.1
Armour         | 2 |  2.8
Unarmed Combat | 3 |  3.3
Fighting       | 4 |  4.2
Invocations    | 3 |  3.2

Action                   |  1- 3 |  4- 6 || total
-------------------------+-------+-------++-------
Melee: Unarmed           |   126 |   374 ||   500
       Punch             |       |     9 ||     9
Invok: Depart the Abyss  |     1 |       ||     1
  Use: Potion            |       |     7 ||     7
  Eat: Chunk             |    13 |    12 ||    25
Armor: Leather armour    |    29 |    12 ||    41
Dodge: Dodged            |    57 |    50 ||   107

Table legend:
 A = Non-vault XP
 B = Vault XP
 C = Vault XP percentage of total XP
 D = Non-vault monster count
 E = Vault monster count
 F = Vault count percentage of total count
                 A         B        C        D         E       F
            +---------+---------+-------+---------+---------+-------
      Total |     273 |       0 |   0.0 |      53 |       0 |   0.0
            +---------+---------+-------+---------+---------+-------
        D:1 |      39 |       0 |   0.0 |      22 |       0 |   0.0
        D:2 |     104 |       0 |   0.0 |      25 |       0 |   0.0
        D:3 |     130 |       0 |   0.0 |       6 |       0 |   0.0
            +---------+---------+-------+---------+---------+-------
